 Dungeon Crawl Stone Soup version 0.29.1-12-g30fa7ad0bf (webtiles) character file.

Game seed: 16498985639289514350

752 DildoBatman the Conjurer (level 8, 0/58 HPs)
             Began as a Formicid Conjurer on Jan 18, 2023.
             Was an Initiate of Kikubaaqudgha.
             Slain by an orc priest
             ... wielding a +0 flail
              (4 damage)
             ... on level 7 of the Dungeon.
             The game lasted 00:11:20 (3987 turns).

DildoBatman the Conjurer (Formicid Conjurer)        Turns: 3987, Time: 00:11:20

Health: 0/58       AC:  4    Str: 13    XL:     8   Next: 6%
Magic:  14/14      EV: 12    Int: 19    God:    Kikubaaqudgha [......]
Gold:   261        SH:  4    Dex: 12    Spells: 9/15 levels left

rFire   . . .      SeeInvis +   a - +1 mace (protect)
rCold   + . .      Faith    .   p - +0 buckler
rNeg    . . .      Spirit   .   F - +0 robe {rC+}
rPois   .          Reflect  .   (helmet unavailable)
rElec   .          Harm     .   f - +0 cloak
rCorr   .          Rampage  .   j - +0 pair of gloves
Will    .....                   (no boots)
Stlth   ++........              r - amulet of regeneration
HPRegen 0.99/turn               h - ring of flight
MPRegen 0.14/turn               (no ring)

@: flying
A: permanent stasis, dig shafts and tunnels, antennae 3, four strong arms
a: Dig, Shaft Self, Renounce Religion


You were on level 7 of the Dungeon.
You worshipped Kikubaaqudgha.
Kikubaaqudgha was noncommittal.
You visited 1 branch of the dungeon, and saw 7 of its levels.

You collected 261 gold pieces.

Inventory:

Hand Weapons
 a - a +1 mace of protection (weapon)
 b - a +0 sling
 d - a +3 short sword
Missiles
 k - 6 javelins
 u - 8 poisoned darts
Armour
 f - a +0 cloak (worn)
 j - a +0 pair of gloves (worn)
 p - a +0 buckler (worn)
 q - a +0 kite shield
 F - a +0 robe of cold resistance (worn)
Jewellery
 g - an amulet of the acrobat
 h - a ring of flight (left hand)
 r - an amulet of regeneration (around neck)
Wands
 C - a wand of digging (1)
Scrolls
 c - 2 scrolls of magic mapping {unknown}
 e - a scroll of immolation {unknown}
 i - 2 scrolls of identify {unknown}
 m - a scroll of acquirement {unknown}
 v - a scroll of butterflies {unknown}
 x - 2 scrolls of enchant armour {unknown}
 y - a scroll of teleportation {unknown}
 A - a scroll of brand weapon {unknown}
 B - a scroll of poison {unknown}
 D - 2 scrolls of vulnerability {unknown}
Potions
 l - a potion of magic
 o - a potion of curing {unknown}
 s - a potion of heal wounds {unknown}
 t - a potion of might
 w - a potion of mutation {unknown}
 z - a potion of berserk rage {unknown}


   Skills:
 - Level 3.0 Fighting
 - Level 3.0 Armour
 - Level 2.0 Dodging
 - Level 2.4 Stealth
 - Level 2.9 Shields
 * Level 4.3 Spellcasting
 * Level 5.2 Conjurations
 * Level 4.0 Earth Magic


You had 9 spell levels left.
You knew the following spells:

 Your Spells              Type           Power      Damage    Failure   Level
a - Searing Ray           Conj           48%        2d6       2%          2
b - Stone Arrow           Conj/Erth      42%        3d9       8%          3
c - Magic Dart            Conj           96%        1d7       1%          1

Your spell library contained the following spells:

 Spells                   Type           Power      Damage    Failure   Level
 Sandblast                Erth           38%        2d10      3%          1
 Passwall                 Tmut/Erth      9%         N/A       11%         2
 Dazzling Flash           Conj/Hex       28%        N/A       17%         3
 Lesser Beckoning         Tloc           4%         N/A       43%         3
 Fulminant Prism          Conj/Hex       7%         3d7       50%         4
 Iskenderun's Mystic Bla  Conj/Tloc      14%        2d5       50%         4
 Summon Ice Beast         Ice/Summ       4%         N/A       85%         4
 Manifold Assault         Tloc           4%         N/A       99%         5
 Summon Mana Viper        Hex/Summ       4%         N/A       99%         5
 Monstrous Menagerie      Summ           2%         N/A       100%        7
 Blink                    Tloc           Unusable   N/A       N/A         2

Dungeon Overview and Level Annotations

Branches:
Dungeon (5/15)
 Temple: D:4-7

Altars:
Elyvilon
Kikubaaqudgha
Makhleb
Nemelex Xobeh
The Shining One


Innate Abilities, Weirdness & Mutations

You cannot be hasted, slowed, berserked, paralysed or teleported.
You can dig through walls and to a lower floor.
You have a pair of large antennae on your head. (SInv)
Your four strong arms can wield two-handed weapons with a shield.


Message History

g - Guard the area. f - Follow me.
Anything else - Cancel.
You shout for attention!
The orc barely misses you.
The orc priest looks encouraged for a moment.
The orc priest hits you with a +0 hand axe.
What are your orders? t - Shout!
Orders for allies: a - Attack new target. r - Retreat! s - Stop attacking. g - Guard the area. f - Follow me.
Anything else - Cancel.
You shout for attention!
The orc hits you but does no damage. The orc priest misses you.
The orc priest hits you with a +0 hand axe.
The orc hits you but does no damage. What are your orders? t - Shout!
Orders for allies: a - Attack new target. r - Retreat! s - Stop attacking. g - Guard the area. f - Follow me.
Anything else - Cancel.
You shout for attention!
The orc hits you with a +0 dagger.
The orc priest hits you with a +0 dagger.
You block the orc priest's attack. The orc priest closely misses you.
The orc misses you. What are your orders? t - Shout!
Orders for allies: a - Attack new target. r - Retreat! s - Stop attacking. g - Guard the area. f - Follow me.
Anything else - Cancel.
You shout for attention!
The orc hits you but does no damage.
The orc priest hits you with a +0 flail.
You die...
Kikubaaqudgha rasps: "You have failed me!
Welcome... death!"

...##.......#
............#
###..........
............
#.....!.... ....
#.........# .....
#.........# )....
#......o@o##.....
.####.ooo.......
#...........##
#...........#
..............#
..............#
..............#
.#####........#
#...$......######


You could see 3 orc priests and 2 orcs.

Vanquished Creatures
  Sigmund (D:2)
  A phantom (D:5)
  A necrophage (D:4)
  A scorpion (D:5)
  A howler monkey (D:5)
  A jelly (D:4)
  2 orc priests
  A hound (D:5)
  Ijyb (D:5)
  2 orc wizards
  3 gnolls (D:2)
  4 adders
  2 worms (D:2)
  4 dart slugs
  11 orcs
  8 ball pythons
  7 bats
  12 endoplasms
  A giant cockroach (D:4)
  6 goblins
  4 hobgoblins
  9 kobolds
  5 quokkas
  4 frilled lizards (D:2)
  A rat (D:1)
93 creatures vanquished.

Vanquished Creatures (others)
  2 plants (D:1)
2 creatures vanquished.

Grand Total: 95 creatures vanquished

Notes
Turn   | Place    | Note
-------+----------+-------------------------------------------
     0 | D:1      | DildoBatman the Formicid Conjurer began the quest for the
                  | Orb.
     0 | D:1      | Reached XP level 1. HP: 13/13 MP: 3/3
   100 | D:1      | Reached XP level 2. HP: 20/20 MP: 0/5
   103 | D:1      | Learned a level 2 spell: Searing Ray
   491 | D:1      | Reached skill level 1 in Fighting
   556 | D:1      | Reached skill level 1 in Armour
   556 | D:1      | Reached XP level 3. HP: 22/26 MP: 3/6
   751 | D:1      | Learned a level 3 spell: Stone Arrow
  1319 | D:2      | Reached XP level 4. HP: 17/32 MP: 1/8
  1320 | D:2      | Reached skill level 4 in Conjurations
  1320 | D:2      | Reached skill level 1 in Earth Magic
  1786 | D:2      | Noticed Sigmund
  1889 | D:3      | Reached XP level 5. HP: 37/38 MP: 9/9
  2123 | D:3      | Found a faded altar of an unknown god.
  2230 | D:3      | Found a white marble altar of Elyvilon.
  2486 | D:3      | Reached skill level 1 in Shields
  2569 | D:4      | Reached XP level 6. HP: 35/45 MP: 10/10
  3109 | D:4      | Found an ancient bone altar of Kikubaaqudgha.
  3109 | D:4      | Found a sparkling altar of Nemelex Xobeh.
  3114 | D:4      | Found a burning altar of Makhleb.
  3117 | D:4      | Became a worshipper of Kikubaaqudgha
  3125 | D:4      | Found a glowing golden altar of the Shining One.
  3127 | D:4      | Found a faded altar of an unknown god.
  3579 | D:2      | Killed Sigmund
  3580 | D:2      | Reached XP level 7. HP: 50/52 MP: 4/12
  3684 | D:2      | You are sucked into a shaft and drop 2 floors!
  3698 | D:5      | Entered Level 5 of the Dungeon
  3790 | D:5      | Reached skill level 5 in Conjurations
  3935 | D:5      | Noticed Ijyb
  3943 | D:5      | Reached XP level 8. HP: 54/58 MP: 9/14
  3943 | D:5      | Killed Ijyb
  3946 | D:5      | You are sucked into a shaft and drop 1 floor!
  3956 | D:6      | You are sucked into a shaft and drop 1 floor!
  3987 | D:7      | Slain by an orc priest

Illustrated notes

Levels and vault maps discovered:
D:1:      eino_arrival_druids_welcome, layout_basic
D:2:      layout_loops_ring, hangedman_decor_growths, uniq_sigmund
D:3:      layout_loops_cross, mainiacjoe_overflow_alcove_1,
          nicolae_ecumenical_oubliette
D:4:      layout_basic, chequers_temple_overflow_minitemple
D:5:      layout_basic, nzn_hepliaklqana_mist_gate, temple_pool_b, uniq_ijyb
D:6:      layout_loops_ring, minmay_ruined_shrine
D:7:      layout_basic, enter_bailey_7, serial_shops, nicolae_diamond_shop

Skill      XL: |  1  2  3  4  5  6  7  8 |
---------------+-------------------------+-----
Dodging        | 2 |  2.0
Fighting       | 1 2 3 |  3.0
Armour         | 1 2 3 |  3.0
Conjurations   | 4 5 |  5.2
Earth Magic    | 1 3 4 |  4.0
Spellcasting   | 3 4 |  4.3
Shields        | 1 2 |  2.9
Stealth        | |  2.4

Action                   |  1- 3 |  4- 6 |  7- 9 || total
-------------------------+-------+-------+-------++-------
Melee: Club              |    10 |       |       ||    10
       Unarmed           |     1 |       |       ||     1
       Short sword       |    13 |     6 |     8 ||    27
       Rapier            |       |    12 |       ||    12
       Quarterstaff      |       |    40 |       ||    40
       Mace              |       |    28 |    26 ||    54
 Fire: Sling             |       |   108 |    17 ||   125
 Cast: Magic Dart        |    47 |     7 |       ||    54
       Searing Ray       |     8 |     5 |     3 ||    16
 Abil: Dig               |       |     2 |       ||     2
       Shaft Self        |       |       |     3 ||     3
 Stab: Sleeping          |       |     1 |       ||     1
Armor: Robe              |    12 |    32 |    20 ||    64
Dodge: Dodged            |    38 |    67 |    30 ||   135
Block: Buckler           |       |    16 |    13 ||    29
